 Dungeon Crawl Stone Soup version 0.24.1-14-gf8d2b509d9 (webtiles) character file.

Game seed: 12315428036540498374, levelgen mode: deterministic

30 Mrkan the Charlatan (level 3, -3/28 HPs)
             Began as a Gnoll Artificer on May 21, 2020.
             Slain by Natasha (5 damage)
             ... on level 2 of the Dungeon.
             The game lasted 00:01:15 (1140 turns).

Mrkan the Charlatan (Gnoll Artificer)               Turns: 1140, Time: 00:01:16

Health: -3/28      AC:  3    Str: 16    XL:     3   Next: 20%
Magic:  7/7        EV: 14    Int: 13    God:
Gold:   47         SH:  0    Dex: 16    Spells: 3/3 levels left

rFire    . . .     SeeInvis .   a - +0 short sword
rCold    . . .     Gourm    .   (no shield)
rNeg     . . .     Faith    .   b - +0 leather armour
rPois    .         Spirit   .   (helmet restricted)
rElec    .         Reflect  .   (no cloak)
rCorr    .         Harm     .   (no gloves)
MR       .....                  (no boots)
Stlth    ++........             (no amulet)
HPRegen  0.09/turn              (no ring)
MPRegen  0.10/turn              (no ring)

@: slowed, very slow
A: distributed training, fangs 1, horns 1, screaming 1, strong 1, strong nose
a: no special abilities


You were on level 2 of the Dungeon.
You were hungry.

You visited 1 branch of the dungeon, and saw 2 of its levels.

You collected 47 gold pieces.

Inventory:

Hand Weapons
 a - a +0 short sword (weapon)
Missiles
 g - 12 poisoned darts (quivered)
Armour
 b - a +0 leather armour (worn)
Jewellery
 h - an uncursed ring of flight {unknown}
Wands
 c - a wand of flame (15)
 d - a wand of enslavement (15)
 e - a wand of random effects (15)
Scrolls
 i - a scroll of noise {unknown}
 j - 2 scrolls of identify {unknown}
Comestibles
 f - 2 rations


   Skills:
 + Level 2.5 Fighting
 + Level 2.5 Short Blades
 + Level 0.6 Long Blades
 + Level 0.6 Axes
 + Level 0.6 Maces & Flails
 + Level 0.6 Polearms
 + Level 0.6 Staves
 + Level 0.6 Slings
 + Level 0.6 Bows
 + Level 0.6 Crossbows
 + Level 0.6 Throwing
 + Level 0.6 Armour
 + Level 4.5 Dodging
 + Level 2.3 Stealth
 + Level 0.6 Shields
 + Level 0.6 Unarmed Combat
 + Level 0.6 Spellcasting
 + Level 0.4 Conjurations
 + Level 0.4 Hexes
 + Level 0.4 Charms
 + Level 0.4 Summonings
 + Level 0.4 Necromancy
 + Level 0.4 Translocations
 + Level 0.4 Transmutations
 + Level 0.4 Fire Magic
 + Level 0.4 Ice Magic
 + Level 0.4 Air Magic
 + Level 0.4 Earth Magic
 + Level 0.4 Poison Magic
 + Level 0.8 Invocations
 + Level 6.5 Evocations


You had 3 spell levels left.
You didn't know any spells.
Your spell library was empty.

Dungeon Overview and Level Annotations

Branches:
Dungeon (2/15)

Altars:

Annotations:
D:2 Natasha


Innate Abilities, Weirdness & Mutations

Your experience applies equally to all skills.
You have very sharp teeth.
Your uncanny sense of smell can sniff out nearby items.
You have a pair of small horns on your head.
You occasionally shout uncontrollably at your foes.
Your muscles are strong. (Str +2)


Message History

Natasha misses you.
The crimson imp blinks!
You hit Natasha. You bite Natasha, but do no damage.
Natasha is lightly wounded.
Natasha misses you. Natasha barely misses you. The crimson imp hits you.
* * * LOW HITPOINT WARNING * * *
It was a potion of mutation.
You feel extremely strange.
You feel stronger.
You feel the urge to shout. A pair of horns grows on your head!
Natasha casts a spell at you.
You feel as though you will be slow longer.
The crimson imp puffs mist at you. The crimson imp hits you.
* * * LOW HITPOINT WARNING * * *
You hit Natasha but do no damage. Your headbutt misses Natasha.
Your bite misses Natasha.
Natasha is lightly wounded.
Natasha misses you.
The crimson imp hits you but does no damage.
Natasha claws you.
You die...

#.......###.#
#.......#.......
#......!.......
.........#...#
.........#...#
###....#...# #
#......#...#
###.####.#....#...#
#...5@h5..........#
#.#.####.....##...# ..
#..........# ......
#..#...#...## ......#
#........<..... ......#
#......###.#### ##....#
#............ ....#
#......###.###
#####.#.####...........


You could see Natasha, a crimson imp and a white imp.

Vanquished Creatures
  An adder (D:2)
  A dart slug (D:1)
  3 bats
  2 giant cockroaches (D:1)
  3 goblins
  4 hobgoblins (D:1)
  A ball python (D:1)
  A frilled lizard (D:1)
  A kobold (D:1)
  4 rats (D:1)
21 creatures vanquished.

Notes
Turn   | Place    | Note
-------+----------+-------------------------------------------
     0 | D:1      | Mrkan the Gnoll Artificer began the quest for the Orb.
     0 | D:1      | Reached XP level 1. HP: 17/17 MP: 4/4
    73 | D:1      | Reached XP level 2. HP: 21/23 MP: 6/6
   843 | D:2      | Reached XP level 3. HP: 16/28 MP: 7/7
  1126 | D:2      | Noticed Natasha
  1139 | D:2      | Gained mutation: Your muscles are strong. (Str +2) [potion
                  | of mutation]
  1139 | D:2      | Gained mutation: You occasionally shout uncontrollably at
                  | your foes. [potion of mutation]
  1139 | D:2      | Gained mutation: You have a pair of small horns on your
                  | head. [potion of mutation]
  1140 | D:2      | Slain by Natasha

Levels and vault maps discovered:
D:1:      psy_arrival_radial02, layout_basic
D:2:      layout_basic, lemuel_crystal_altar, uniq_natasha

Action                   || total
-------------------------++-------
Melee: Short sword       ||    65
       Bite              ||     4
  Use: Potion            ||     1
 Stab: Sleeping          ||     1
Armor: Leather armour    ||     9
Dodge: Dodged            ||    54
